 Dungeon Crawl Stone Soup version 0.19.0 (webtiles) character file.

60 Magifyre the Scratcher (level 3, 15/15 HPs)
             Began as a Felid Transmuter on Nov 10, 2016.
             Quit the game on level 3 of the Dungeon.
             The game lasted 00:08:24 (3067 turns).

Magifyre the Scratcher (Felid Transmuter)           Turns: 3067, Time: 00:08:25

Health: 15/15      AC:  1    Str:  6    XL:     3   Next: 80%
Magic:  7/7        EV: 18    Int: 14    God:
Gold:   65         SH:  0    Dex: 17    Spells: 1 memorised, 5 levels left
                                        Lives:  0   Deaths: 1

rFire  . . .     SeeInvis +       - Unarmed
rCold  . . .     Gourm    .     (armour unavailable)
rNeg   . . .     Faith    .     (shield unavailable)
rPois  .         Spirit   .     (helmet unavailable)
rElec  .         Reflect  .     (cloak unavailable)
rCorr  .         Harm     .     (gloves unavailable)
MR     .....                    (boots unavailable)
Stlth  ++........               l - amulet of magic regeneration
                                (no ring)
                                (no ring)

@: quick
A: no armour, no weapons or thrown items, stealth, claws 1, fangs 3, see
invisible, carnivore 3, speed 1, shaggy fur 1, slow metabolism 1, sharp paws
a: no special abilities


You were on level 3 of the Dungeon.
You were not hungry.

You visited 1 branch of the dungeon, and saw 3 of its levels.

You collected 65 gold pieces.

Inventory:

Missiles
 a - 27 arrows
Jewellery
 l - an amulet of magic regeneration (around neck)
Wands
 m - a wand of polymorph (17/24)
Scrolls
 g - a scroll of amnesia {unknown}
 h - 2 scrolls of random uselessness {unknown}
 j - a scroll of magic mapping {unknown}
 k - a scroll of remove curse {unknown}
Potions
 e - a potion of might
 i - a potion of invisibility {unknown}
Books
 b - a book of Changes

   Spells                             Type                      Level
   a - Beastly Appendage              Transmutation                1
   b - Sticks to Snakes               Transmutation                2
   c - Spider Form                    Transmutation/Poison         3
   d - Ice Form                       Ice/Transmutation            4
   e - Blade Hands                    Transmutation                5
Comestibles
 c - a meat ration
 f - 6 chunks of flesh


   Skills:
 - Level 1.0 Fighting
 - Level 2.6 Dodging
 + Level 5.6 Unarmed Combat
 - Level 2.0 Spellcasting
 - Level 2.1 Transmutations


You had 5 spell levels left.
You knew the following spells:

 Your Spells              Type           Power        Failure   Level  Hunger
a - Beastly Appendage     Tmut           #.....       12%         1    ##.....


Dungeon Overview and Level Annotations

Branches:
Dungeon (3/15)

Altars:
Trog

Annotations:
D:3 hyperkramin's ghost, amateur SpIE


Innate Abilities, Weirdness & Mutations

You cannot wear armour.
You are incapable of wielding weapons or throwing items.
Your paws allow you to move quietly. (Stealth)
You have sharp claws.
You have razor-sharp teeth.
You have supernaturally acute eyesight. (SInv)
You are carnivorous and can eat meat at any time.
You cover ground quickly.
You are covered in fur. (AC +1)
You have a slow metabolism.
Your sharp claws are effective at attacking unaware monsters.


Message History

You start resting.
You feel sick.
You start resting.
You feel sick.
You are no longer poisoned.
You start resting.
Hyperkramin's ghost (amateur Spriggan Ice Elementalist) comes into view.
You completely miss hyperkramin's ghost.
Hyperkramin's ghost turns its malevolent gaze towards you.
Hyperkramin's ghost gestures at you while chanting.
You are frozen.
* * * LOW HITPOINT WARNING * * *
You closely miss hyperkramin's ghost. Your bite misses hyperkramin's ghost.
Hyperkramin's ghost gestures at you while chanting.
You are frozen.
You die...
You are now level 3!
You rejoin the land of the living...
Found a long sword and 21 stones.
Are you sure you want to abandon this character and quit the game? (Confirm with "yes".)

......#####......
...## ####..####
. #........# #
.....##..##.. .##
#.## #..#### #.#
....# #.## ####..
#..# #### #@.#
#..# #..# #).#
..(# ..## #.# #.#


There were no monsters in sight!

Vanquished Creatures
  6 adders
  2 worms (D:2)
  3 dart slugs (D:1)
  A leopard gecko (D:2)
  4 orcs (D:1)
  2 ball pythons (D:1)
  A giant cockroach (D:2)
  5 goblins
  4 hobgoblins
  7 jackals
  6 kobolds
  3 bats
  8 frilled lizards
  5 rats
57 creatures vanquished.

Notes
Turn   | Place    | Note
-------+----------+-------------------------------------------
     0 | D:1      | Magifyre the Felid Transmuter began the quest for the Orb.
     0 | D:1      | Reached XP level 1. HP: 9/9 MP: 4/4
    91 | D:1      | Reached XP level 2. HP: 8/12 MP: 6/6
   438 | D:1      | Reached skill level 4 in Unarmed Combat
   796 | D:1      | Reached XP level 3. HP: 15/15 MP: 5/7
  1323 | D:2      | Noticed a moth of wrath
  1326 | D:2      | Found a bloodstained altar of Trog.
  2123 | D:2      | Reached XP level 4. HP: 19/19 MP: 6/8
  2197 | D:2      | Reached skill level 5 in Unarmed Combat
  3065 | D:3      | Noticed hyperkramin's ghost (amateur SpIE)
  3066 | D:3      | Killed from afar by hyperkramin's ghost
  3067 | D:3      | Reached XP level 3. HP: 0/15 MP: 7/7
  3067 | D:3      | Quit the game

Skill      XL: |  1  2  3  4 |
---------------+-------------+-----
Unarmed Combat | 4 5 |  5.6
Fighting       | |  1.0
Dodging        | |  2.6
Spellcasting   | |  2.0
Transmutations | |  2.1

Action                   |  1- 3 |  4- 6 || total
-------------------------+-------+-------++-------
Melee: Unarmed           |    90 |    78 ||   168
       Bite              |    12 |     4 ||    16
       Headbutt          |    11 |     8 ||    19
       Punch             |     1 |     1 ||     2
 Cast: Beastly Appendage |    11 |     9 ||    20
  Use: Scroll            |     2 |       ||     2
 Stab: Sleeping          |     4 |     1 ||     5
  Eat: Chunk             |    10 |     2 ||    12
Armor: Skin              |       |     3 ||     3
Dodge: Dodged            |    50 |    62 ||   112
